 Dungeon Crawl Stone Soup version 0.29.1-15-g9cfb28693d (webtiles) character file.

Game seed: 13388194348373455267

23801 Eitelfritz the Severer (level 13, 0/114 HPs)
             Began as a Hill Orc Fighter on Apr 14, 2023.
             Was a High Priest of Zin.
             Slain by an eight-headed hydra (11 damage)
             ... on level 12 of the Dungeon.
             The game lasted 00:34:20 (16463 turns).

Eitelfritz the Severer (Hill Orc Fighter)          Turns: 16463, Time: 00:34:22

Health: 0/114      AC: 25    Str: 22    XL:     13   Next: 9%
Magic:  22/22      EV: 15    Int: 10    God:    Zin [*****.]
Gold:   527        SH:  9    Dex: 10    Spells: 12/12 levels left

rFire   . . .      SeeInvis .   w - +0 morningstar
rCold   . . .      Faith    .   Z - +0 kite shield
rNeg    . . .      Spirit   .   x - +0 swamp dragon scales
rPois   +          Reflect  .   k - +2 helmet
rElec   .          Harm     .   I - +2 cloak "Umpudin" {Rampage Stlth+}
rCorr   .          Rampage  +   K - +2 pair of gloves
Will    .....                   j - +0 pair of boots
Stlth   +++.......              (no amulet)
HPRegen 0.29/turn               f - +4 ring of evasion
MPRegen 0.18/turn               o - +4 ring of protection

@: no status effects
A: no striking features
a: Renounce Religion, Recite, Vitalisation, Imprison, Sanctuary, Donate Gold


You were on level 12 of the Dungeon.
You worshipped Zin.
Zin was extremely pleased with you.
You visited 2 branches of the dungeon, and saw 13 of its levels.
You also visited: Ossuary.

You collected 655 gold pieces.
You spent 63 gold pieces at shops.
You donated 65 gold pieces to Zin.

Inventory:

Hand Weapons
 a - a +5 war axe of protection
 b - a +0 sling
 w - a +0 morningstar (weapon)
Missiles
 p - 14 boomerangs
 r - 4 javelins
 y - 7 poisoned darts (quivered)
 E - 2 throwing nets
 F - 4 atropa-tipped darts
 P - 3 boomerangs of dispersal
 Y - 3 datura-tipped darts
Armour
 j - a +0 pair of boots (worn)
 k - a +2 helmet (worn)
 x - +0 swamp dragon scales (worn)
 I - the +2 cloak "Umpudin" (worn) {Rampage Stlth+}
   (You acquired it on level 7 of the Dungeon)

   Rampage:   It bestows one free step when moving towards enemies.
   Stlth:     It makes you more stealthy.
 K - a +2 pair of gloves (worn)
 S - +0 acid dragon scales
 U - a +0 troll leather armour
 Z - a +0 kite shield (worn)
Jewellery
 c - a ring of protection from fire
 f - a +4 ring of evasion (left hand)
 l - a ring of poison resistance
 n - a +4 ring of evasion
 o - a +4 ring of protection (right hand)
 q - a ring of positive energy
 B - a ring of willpower
 L - an amulet of magic regeneration
 N - a +4 ring of evasion
Wands
 i - a wand of light (5)
 s - a wand of digging (14)
 v - a wand of roots (16)
 J - a wand of mindburst (39)
 T - a wand of paralysis (3)
Scrolls
 g - 6 scrolls of poison
 h - 3 scrolls of amnesia
 t - a scroll of identify
 D - 7 scrolls of teleportation
 G - 2 scrolls of butterflies
 M - a scroll of magic mapping
 R - a scroll of fear
Potions
 d - 3 potions of might
 e - a potion of brilliance {unknown}
 m - 5 potions of haste
 u - 10 potions of curing
 z - 4 potions of heal wounds
 A - a potion of resistance
 C - 3 potions of invisibility
 H - 2 potions of magic {unknown}
 O - 2 potions of flight {unknown}
 W - a potion of berserk rage {unknown}


   Skills:
 + Level 10.4 Fighting
 + Level 16.2(16.3) Axes
 + Level 2.1(9.2) Maces & Flails
 + Level 2.7 Ranged Weapons
 + Level 0.3 Throwing
 + Level 8.0 Armour
 + Level 5.4 Dodging
 + Level 3.8 Stealth
 + Level 6.5 Shields
 * Level 13.0 Invocations


You had 12 spell levels left.
You didn't know any spells.
Your spell library contained the following spells:

 Spells                   Type           Power      Damage    Failure   Level
 Sting                    Tmut/Pois      0%         1d3       83%         1
 Poisonous Vapours        Pois/Air       0%         N/A       92%         2
 Frozen Ramparts          Ice            0%         1d1       99%         3
 Inner Flame              Hex/Fire       0%         N/A       99%         3
 Ozocubu's Armour         Ice            0%         N/A       99%         3
 Cause Fear               Hex            0%         N/A       100%        4
 Ice Form                 Ice/Tmut       0%         N/A       100%        4
 Olgreb's Toxic Radiance  Pois           0%         N/A       100%        4
 Summon Ice Beast         Ice/Summ       0%         N/A       100%        4
 Metabolic Englaciation   Hex/Ice        0%         N/A       100%        5
 Simulacrum               Ice/Necr       0%         N/A       100%        6
 Ozocubu's Refrigeration  Ice            0%         4d7       100%        7
 Discord                  Hex            0%         N/A       100%        8
 Ignition                 Fire           0%         3d3       100%        8


Dungeon Overview and Level Annotations

Branches:
Dungeon (12/15)            Temple (1/1) D:5            Lair (0/5) D:11
    Orc (0/2) D:9         Ossuary (visited)

Altars:
Ashenzari
Cheibriados
Dithmenos
Elyvilon
Fedhas
Gozag
Hepliaklqana
Kikubaaqudgha
Makhleb
Nemelex Xobeh
Okawaru
Qazlal
Ru
Sif Muna
Trog
Uskayaw
Vehumet
Wu Jian
Xom
Yredelemnul
Zin
The Shining One
Jiyva

Shops:
D:1 (   D:9 ([

Annotations:
D:8 2 transporters


Message History

The eight-headed hydra completely misses you.
You block the eight-headed hydra's attack.
The eight-headed hydra bites you.
The eight-headed hydra barely misses you.
You block the eight-headed hydra's attack.
The eight-headed hydra completely misses you.
You sock the eight-headed hydra!
The eight-headed hydra is heavily wounded.
The eight-headed hydra bites you!
The eight-headed hydra barely misses you.
The eight-headed hydra bites you! x2
* * * LOW HITPOINT WARNING * * *
The eight-headed hydra bites you but does no damage. x3
The eight-headed hydra barely misses you.
The eight-headed hydra misses you.
You block the eight-headed hydra's attack.
The eight-headed hydra closely misses you.
You block the eight-headed hydra's attack. x2
The eight-headed hydra bites you.
* * * LOW HITPOINT WARNING * * *
The eight-headed hydra completely misses you.
The eight-headed hydra bites you!
* * * LOW HITPOINT WARNING * * *
You sock the eight-headed hydra!
The eight-headed hydra is severely wounded.
The eight-headed hydra bites you but does no damage. x2
You block the eight-headed hydra's attack.
The eight-headed hydra bites you but does no damage.
The eight-headed hydra barely misses you. x2
You block the eight-headed hydra's attack.
The eight-headed hydra bites you.
* * * LOW HITPOINT WARNING * * *
You hit the eight-headed hydra but do no damage.
The eight-headed hydra is severely wounded.
You block the eight-headed hydra's attack.
The eight-headed hydra bites you but does no damage. x2
The eight-headed hydra bites you.
* * * LOW HITPOINT WARNING * * *
The eight-headed hydra bites you!
You die...

#.###................
#.##..........#######+
#.##.#########........
#.##.# #....#[)......
#.##.# #.##.#........
#.#..####.##.#.....~..
##>....................
#.......#######........
#.....@...# #########
#.....D.......
#.............#
######........#
#........# #....~...#
#........# #........


You could see an eight-headed hydra.

Vanquished Creatures
  2 hydras
  4 two-headed ogres
  A tengu warrior (D:11)
  Pikel (D:7)
  An ugly thing (D:12)
  A manticore (D:11)
  4 cyclopes
  Joseph (D:9)
  5 orange demons (D:10)
  2 gargoyles (D:11)
  A komodo dragon (D:11)
  2 ice devils (D:11)
  An efreet (D:11)
  6 red devils
  2 hornets
  2 trolls
  Grinder (D:4)
  5 shadows
  4 wraiths
  A vampire (D:11)
  A wyvern (D:11)
  27 yaks
  A basilisk (D:11)
  2 steam dragons (D:8)
  Menkaure (D:6)
  The ghost of solar the Trooper, an amateur GrFi (D:4)
  An acid dragon (D:11)
  2 water moccasins (D:6)
  3 ice beasts
  4 orc warriors
  A sky beast (D:7)
  A centaur (D:7)
  2 ogres (D:5)
  2 phantoms
  An elf zombie (Ossuary)
  2 gnoll sergeants
  A necrophage (D:5)
  4 bullfrogs
  5 scorpions
  8 wights
  7 killer bees
  2 howler monkeys
  4 hounds
  3 orc priests
  Crazy Yiuf (D:2)
  Ijyb (D:2)
  5 iguanas
  21 orc wizards
  Natasha (thrice) (D:2)
  Terence (D:2)
  4 gnoll boudas
  3 mummies (Ossuary)
  Robin (D:4)
  34 gnolls
  10 adders
  A howler monkey simulacrum (D:11)
  4 white imps
  A worm (D:2)
  5 dart slugs
  45 orcs
  5 endoplasms
  6 giant cockroaches (D:1)
  17 goblins
  9 hobgoblins
  3 kobolds
  2 quokkas
  4 ball pythons
  3 bats (D:1)
  4 frilled lizards (D:1)
  A gnoll zombie (Ossuary)
  8 goblin zombies
  A hobgoblin zombie (Ossuary)
  A kobold zombie (Ossuary)
  A quokka zombie (D:6)
  2 rats (D:3)
340 creatures vanquished.

Vanquished Creatures (collateral kills)
  2 red devils (D:12)
2 creatures vanquished.

Grand Total: 342 creatures vanquished

Notes
Turn   | Place    | Note
-------+----------+-------------------------------------------
     0 | D:1      | Eitelfritz the Hill Orc Fighter began the quest for the
                  | Orb.
     0 | D:1      | Reached XP level 1. HP: 19/19 MP: 1/1
    85 | D:1      | Found Boracs's Weapon Boutique.
   123 | D:1      | Reached XP level 2. HP: 27/27 MP: 2/2
   136 | D:1      | Reached skill level 3 in Axes
   326 | D:1      | Reached XP level 3. HP: 33/33 MP: 3/3
   334 | D:1      | Found a faded altar of an unknown god.
   836 | D:2      | Noticed Natasha
   941 | D:2      | Killed Natasha
   942 | D:2      | Reached skill level 4 in Axes
   942 | D:2      | Reached XP level 4. HP: 27/40 MP: 4/4
  1242 | D:2      | Noticed Natasha
  1249 | D:2      | Killed Natasha
  1329 | D:2      | Found a glowing silver altar of Zin.
  1337 | D:2      | Became a worshipper of Zin the Law-Giver
  1357 | D:2      | Reached XP level 5. HP: 46/46 MP: 5/5
  1575 | D:2      | Noticed Terence
  1586 | D:2      | Killed Terence
  1587 | D:2      | Reached skill level 1 in Invocations
  1808 | D:2      | Noticed Natasha
  1811 | D:2      | Killed Natasha
  1935 | D:2      | Noticed Ijyb
  1970 | D:2      | Killed Ijyb
  1971 | D:2      | Reached skill level 5 in Axes
  1971 | D:2      | Reached XP level 6. HP: 36/53 MP: 7/7
  2085 | D:2      | Identified the +2 robe of Hirrynai {rF+ SInv}
  2269 | D:2      | Found a runed translucent door.
  2270 | D:2      | Noticed Crazy Yiuf
  2578 | D:3      | Found an ornate altar of the Wu Jian Council.
  2595 | D:3      | Reached * piety under Zin
  2957 | D:2      | Killed Crazy Yiuf
  3422 | D:4      | Noticed Robin
  3433 | D:4      | Killed Robin
  3495 | D:4      | Noticed Grinder
  3496 | D:4      | Paralysed by Grinder for 4 turns
  3517 | D:4      | Paralysed by Grinder for 5 turns
  3529 | D:4      | Killed Grinder
  3530 | D:4      | Reached skill level 6 in Axes
  3530 | D:4      | Reached skill level 5 in Armour
  3530 | D:4      | Reached skill level 1 in Dodging
  3530 | D:4      | Reached XP level 7. HP: 25/60 MP: 7/9
  3888 | D:4      | Reached skill level 7 in Axes
  4014 | D:4      | Found a white marble altar of Elyvilon.
  4108 | D:4      | Found a runed translucent door.
  4113 | D:4      | Noticed solar's ghost (amateur GrFi)
  4236 | D:4      | Killed solar's ghost
  4237 | D:4      | Reached skill level 5 in Fighting
  4523 | D:5      | Entered Level 5 of the Dungeon
  4540 | D:4      | Reached XP level 8. HP: 65/68 MP: 10/10
  4608 | D:5      | Reached skill level 8 in Axes
  4904 | D:5      | Found a sparkling altar of Nemelex Xobeh.
  5179 | D:5      | Found a staircase to the Ecumenical Temple.
  5187 | Temple   | Entered the Ecumenical Temple
  5626 | D:5      | Reached skill level 5 in Invocations
  5706 | D:5      | Reached skill level 9 in Axes
  5706 | D:5      | Reached skill level 1 in Stealth
  6127 | D:6      | Found a sand-covered staircase.
  6142 | Ossuary  | Entered an ossuary
  6142 | Ossuary  | Noticed a wraith
  6142 | Ossuary  | Noticed a wraith
  6142 | Ossuary  | Noticed a wraith
  6165 | Ossuary  | Reached ** piety under Zin
  6235 | Ossuary  | Reached XP level 9. HP: 75/75 MP: 13/13
  6620 | D:6      | Reached skill level 10 in Axes
  6849 | D:6      | Noticed Menkaure
  6856 | D:6      | Killed Menkaure
  7099 | D:6      | Found a basalt altar of Yredelemnul.
  7102 | D:6      | Found a sacrificial altar of Ru.
  7107 | D:6      | Found a stormy altar of Qazlal.
  7111 | D:6      | Found a radiant altar of Vehumet.
  7281 | D:7      | Noticed Pikel
  7296 | D:7      | Killed Pikel
  7297 | D:7      | Reached skill level 11 in Axes
  7420 | D:7      | Reached *** piety under Zin
  7535 | D:7      | Reached XP level 10. HP: 84/84 MP: 15/15
  7817 | D:7      | Found a blossoming altar of Fedhas.
  7914 | D:7      | Identified a scroll of acquirement
  7914 | D:7      | Acquired the +2 cloak "Umpudin" {Rampage Stlth+}
  7937 | D:8      | Reached skill level 12 in Axes
  7937 | D:8      | Reached skill level 5 in Shields
  8115 | D:8      | Paralysed by a hornet for 1 turns
  8364 | D:8      | Found a shimmering altar of Xom.
  8428 | D:8      | Reached skill level 13 in Axes
  8762 | D:8      | Found a transporter.
  8763 | D:8      | Noticed a glowing orange brain
  8782 | D:8      | Found the ring of the Hare {EV+8}
  9374 | D:8      | Found a glowing silver altar of Zin.
  9532 | D:8      | Found a transporter.
  9532 | D:8      | Found a viscous altar of Jiyva.
  9944 | D:9      | Reached XP level 11. HP: 86/94 MP: 17/17
  9991 | D:9      | Reached **** piety under Zin
 10036 | D:9      | Found Qiaji's Armour Shoppe.
 10038 | D:9      | Found a staircase to the Orcish Mines.
 10040 | D:9      | Found Nenuzo's Weapon Shoppe.
 10114 | D:9      | Bought a +0 pair of gloves for 63 gold pieces
 10127 | D:9      | Noticed a two-headed ogre
 10144 | D:9      | Killed a two-headed ogre
 10145 | D:9      | Reached skill level 14 in Axes
 10340 | D:9      | Noticed Joseph
 10361 | D:9      | Killed Joseph
 11093 | D:10     | Entered Level 10 of the Dungeon
 11127 | D:10     | Reached skill level 10 in Invocations
 11829 | D:10     | Reached skill level 15 in Axes
 12425 | D:10     | Found a shimmering blue altar of Sif Muna.
 12754 | D:11     | Noticed a manticore
 12766 | D:11     | Killed a manticore
 12831 | D:11     | Noticed a cyclops
 12832 | D:11     | Reached XP level 12. HP: 66/104 MP: 20/20
 13136 | D:11     | Reached skill level 1 in Ranged Weapons
 13577 | D:11     | Found a staircase to the Lair.
 14091 | D:11     | Noticed an eight-headed hydra
 14101 | D:11     | Killed a nine-headed hydra
 14136 | D:11     | Reached skill level 5 in Dodging
 14454 | D:11     | Noticed a tengu warrior
 14460 | D:11     | Reached skill level 1 in Maces & Flails
 14470 | D:11     | Noticed a two-headed ogre
 14481 | D:11     | Killed a two-headed ogre
 14483 | D:11     | Killed a tengu warrior
 14703 | D:11     | Reached ***** piety under Zin
 14942 | D:11     | Reached skill level 10 in Fighting
 15002 | D:11     | Reached skill level 16 in Axes
 15070 | D:11     | Noticed a two-headed ogre
 15083 | D:11     | Killed a two-headed ogre
 16222 | D:12     | Noticed a four-headed hydra
 16232 | D:12     | Killed a four-headed hydra
 16276 | D:12     | Reached XP level 13. HP: 113/113 MP: 22/22
 16463 | D:12     | Slain by an eight-headed hydra

Illustrated notes

Levels and vault maps discovered:
D:1:      scummos_arrival_simple_crosswalls, layout_basic, serial_shops,
          shop_fountains, hellmonk_ecumenical_altar_lost_god,
          minmay_worlds_worst_comb
D:2:      kennysheep_the_goblin_king, layout_loops_ring, basic_altar,
          uniq_natasha, uniq_crazy_yiuf_cottage, uniq_terence
D:3:      layout_basic, nicolae_overflow_crystal_walls,
          minmay_misc_feat_four_crosses
D:4:      layout_gridville, nicolae_elyvilon_temple_path,
          ebering_ghost_reflecting_pool, st_stairs_6, uniq_grinder, uniq_robin
D:5:      minmay_evil_eye, layout_loops_ring, nemelex_spade_bored_becter,
          temple_statues, grunt_ministairs_3
D:6:      layout_rooms, minitemple, enter_ossuary_4, uniq_menkaure
D:7:      layout_cave_pools, mainiacjoe_overflow_alcove_1, uniq_pikel
D:8:      gammafunk_jiyva_shrine, layout_basic, marbit_many_paths,
          lemuel_round_altar
D:9:      layout_gridville, orc_david_3, nicolae_eternal_life,
          bh_walls_and_bars, uniq_joseph
D:10:     layout_basic, kennysheep_orc_sif_temple, minmay_beelzebubs_servants
D:11:     minmay_imperfect_grid, layout_stronghold, serial_ice, serial_ice_d,
          serial_ice_m, serial_ice_h, serial_ice_a, serial_ice_e,
          portal_ice_cave_demonic_guard
D:12:     layout_basic, einodemon_armed_red_devil_minivault
Temple:   pf_slime_end_temple

Skill      XL: |  1  2  3  4  5  6  7  8  9 10 11 12 13 |
---------------+----------------------------------------+-----
Axes           | 3 4 5 6 7 9 11 13 15 16 | 16.2
Fighting       | 4 5 6 8 9 10 | 10.4
Shields        | 4 5 6 |  6.5
Armour         | 4 5 6 7 8 |  8.0
Invocations    | 1 3 5 7 9 11 12 13 | 13.0
Dodging        | 1 2 3 4 5 |  5.4
Stealth        | 1 2 3 |  3.8
Ranged Weapons | 2 |  2.7
Maces & Flails | 1 2 |  2.1
Throwing       | |  0.3

Action                   |  1- 3 |  4- 6 |  7- 9 | 10-12 | 13-15 || total
-------------------------+-------+-------+-------+-------+-------++-------
Melee: War axe           |    91 |   135 |   302 |   732 |    28 ||  1288
       Morningstar       |       |       |       |    16 |    12 ||    28
 Fire: Sling             |       |       |       |    35 |       ||    35
Throw: Boomerang         |       |     3 |     2 |       |       ||     5
       Dart              |       |       |       |     2 |       ||     2
Invok: Recite            |       |     3 |    12 |    30 |     1 ||    46
  Use: Scroll            |       |     5 |    14 |    13 |       ||    32
       Potion            |       |     2 |     2 |     5 |       ||     9
 Stab: Confused          |       |     1 |     1 |     4 |     1 ||     7
       Invisible         |       |       |       |     5 |       ||     5
       Paralysed         |       |       |       |     3 |       ||     3
       Sleeping          |       |       |       |     7 |     2 ||     9
       Distracted        |       |       |       |     2 |       ||     2
Armor: Scale mail        |    40 |    25 |       |       |       ||    65
       Swamp dragon scal |       |    17 |   104 |   292 |    40 ||   453
Dodge: Dodged            |    71 |    86 |   176 |   393 |    48 ||   774
Block: Buckler           |    28 |    28 |    55 |   115 |       ||   226
       Kite shield       |       |       |       |    40 |    32 ||    72
